 Dungeon Crawl Stone Soup version 0.29-a0-973-gac7da5f7f0 (webtiles) character file.

Game seed: 4736225755456337751

299870 tilp the Lord of Darkness (level 20, -16/166 HPs)
             Began as a Mummy Necromancer on July 30, 2022.
             Was the Champion of Kikubaaqudgha.
             Demolished by Mennas
             ... wielding a +5 trishula of holy wrath
              (21 damage)
             ... on level 3 of the Vaults on July 31, 2022.
             The game lasted 02:20:47 (56194 turns).

tilp the Lord of Darkness (Mummy Necromancer)      Turns: 56194, Time: 02:20:48

Health: -16/166    AC: 24    Str: 16    XL:     20   Next: 15%
Magic:  7/38       EV: 17    Int: 21    God:    Kikubaaqudgha [******]
Gold:   1800       SH:  0    Dex: 18    Spells: 7/47 levels left

rFire   . . .      SeeInvis +   a - +9 lajatang (elec)
rCold   + + +      Faith    .   (shield currently unavailable)
rNeg    + + +      Spirit   .   G - +4 skin of Zhor {*Englaciate rC+++ SInv}
rPois   ∞          Reflect  .   h - +2 helmet
rElec   .          Harm     .   B - scarf {shadows}
rCorr   +          Rampage  .   A - +2 pair of gloves
Will    +++..                   i - +2 pair of boots
Stlth   ++........              J - amulet of Eternal Night {rPois Will+ Regen+ Str+4}
HPRegen 1.17/turn               D - ring of Minkas {rF+ rCorr Dex+4}
MPRegen 0.26/turn               E - ring of the Tortoise {AC+8}

@: glowing, studying Ice Magic, silenced
A: cold resistance 1, negative energy resistance 3, torment resistance 2, heat
vulnerability 1, in touch with death 2, no potions
}: 2/15 runes: decaying, serpentine
a: Renounce Religion


You were on level 3 of the Vaults.
You worshipped Kikubaaqudgha.
Kikubaaqudgha was exalted by your worship.
You visited 6 branches of the dungeon, and saw 33 of its levels.
You visited the Abyss 1 time.
You visited 1 bazaar.
You also visited: Ice Cave.

You collected 7683 gold pieces.
You spent 5883 gold pieces at shops.

Inventory:

Hand Weapons
 a - a +9 lajatang of electrocution (weapon)
 e - the +6 lajatang of Liaghorr {vorpal, rElec rPois rF+}
   (You bought it in a shop in a bazaar)

   It inflicts extra damage upon your enemies.
   rF:        It protects you from fire.
   rElec:     It insulates you from electricity.
   rPois:     It protects you from poison.
 H - the +8 demon trident "Rift" {distort, reach+}
   (You took it off a spriggan rider on level 1 of the Swamp)

   It warps and distorts space around it, and may blink, banish, or inflict
   extra damage upon those it strikes.
   Unwielding it can cause banishment or high damage.
   It can reach especially far, and its reaching attacks ignore other creatures
   in the way.
Missiles
 f - 3 silver javelins (quivered)
 t - 30 boomerangs
 N - 5 throwing nets
 V - 23 javelins
 W - 6 curare-tipped darts
 Y - 5 atropa-tipped darts
 Z - 2 silver boomerangs
Armour
 h - a +2 helmet (worn)
 i - a +2 pair of boots (worn)
 n - a +0 cloak
 A - a +2 pair of gloves (worn)
 B - a scarf of shadows (worn)
 F - a +0 robe of willpower
 G - the +4 skin of Zhor (worn) {*Englaciate rC+++ SInv}
   (You found it in an ice cave)

   It radiates cold, occasionally slowing all nearby creatures who are not
   resistant to cold.
   rC:        It renders you almost immune to cold.
   SInv:      It lets you see invisible.
 I - a +0 kite shield of reflection
Magical Staves
 b - a staff of death
Jewellery
 d - the ring of Efue {Int+6 Slay+3}
   (You found it on level 2 of the Vaults)

   [ring of intelligence]

   Int:       It affects your intelligence (+6).
   Slay:      It affects your accuracy & damage with ranged weapons and melee
   (+3).
 o - a ring of protection from fire
 p - a ring of see invisible
 D - the ring of Minkas (left hand) {rF+ rCorr Dex+4}
   (You bought it in a shop on level 2 of the Orcish Mines)

   [ring of protection from fire]

   Dex:       It affects your dexterity (+4).
   rF:        It protects you from fire.
   rCorr:     It protects you from acid and corrosion.
 E - the ring of the Tortoise (right hand) {AC+8}
   (You bought it in a shop on level 2 of the Orcish Mines)

   [ring of protection]

   AC:        It affects your AC (+8).
 J - the amulet of Eternal Night (around neck) {rPois Will+ Regen+ Str+4}
   (You found it on level 4 of the Swamp)

   [amulet of regeneration]

   Str:       It affects your strength (+4).
   rPois:     It protects you from poison.
   Regen:     It increases your rate of health regeneration.
   Will:      It increases your willpower.
 X - a ring of flight
Wands
 c - a wand of digging (21)
 g - a wand of polymorph (5)
 s - a wand of iceblast (26)
 u - a wand of mindburst (22)
 v - a wand of charming (27)
 y - a wand of flame (109)
 S - a wand of quicksilver (4)
Scrolls
 k - 18 scrolls of teleportation
 l - 5 scrolls of immolation
 m - 5 scrolls of fog
 r - 3 scrolls of silence
 w - 4 scrolls of poison
 x - 12 scrolls of vulnerability
 z - 8 scrolls of blinking
 C - 6 scrolls of amnesia
 O - 3 scrolls of torment
 R - 2 scrolls of fear
 T - 5 scrolls of magic mapping
Miscellaneous
 j - a phial of floods
 L - a phantom mirror
 M - a condenser vane
 Q - a tin of tremorstones (2/2)
 U - a lightning rod (4/4)


   Skills:
 * Level 16.4 Fighting
 * Level 11.5 Staves
 + Level 1.3 Throwing
 + Level 7.4 Armour
 + Level 9.1 Dodging
 - Level 6.0 Stealth
 - Level 4.0 Shields
 + Level 14.3 Spellcasting
 - Level 6.0 Hexes
 * Level 19.1 Necromancy
 - Level 10.0 Ice Magic
 - Level 6.0 Earth Magic
 + Level 9.1 Evocations


You had 7 spell levels left.
You knew the following spells:

 Your Spells              Type           Power      Damage    Failure   Level
a - Infestation           Necr           60%        N/A       11%         8
b - Vampiric Draining     Necr           100%       2d13      0%          3
c - Animate Dead          Necr           100%       N/A       0%          4
d - Anguish               Hex/Necr       50%        N/A       1%          4
e - Dispel Undead         Necr           100%       3d31      0%          4
f - Death Channel         Necr           60%        N/A       1%          6
g - Borgnjor's Vile Clut  Necr/Erth      50%        N/A       1%          5
h - Simulacrum            Ice/Necr       53%        N/A       1%          6

Your spell library contained the following spells:

 Spells                   Type           Power      Damage    Failure   Level
 Necrotise                Necr           100%       1d9       0%          1
 Ensorcelled Hibernation  Hex/Ice        96%        N/A       1%          2
 Ozocubu's Armour         Ice            54%        N/A       1%          3
 Tukima's Dance           Hex            40%        N/A       1%          3
 Agony                    Necr           100%       N/A       1%          5
 Magic Dart               Conj           60%        1d6       4%          1
 Shock                    Conj/Air       60%        1d6       4%          1
 Metabolic Englaciation   Hex/Ice        24%        N/A       4%          5
 Summon Ice Beast         Ice/Summ       36%        N/A       5%          4
 Blink                    Tloc           30%        N/A       6%          2
 Call Imp                 Summ           15%        N/A       6%          2
 Static Discharge         Conj/Air       15%        3-5/arc   6%          2
 Lee's Rapid Deconstruct  Erth           20%        3d13*     10%         5
 Fulminant Prism          Conj/Hex       13%        3d9       12%         4
 Petrify                  Tmut/Erth      27%        N/A       12%         4
 Gell's Gravitas          Tloc           15%        N/A       13%         3
 Ignite Poison            Fire/Tmut/Pois 15%        N/A       13%         3
 Mephitic Cloud           Conj/Pois/Air  15%        N/A       13%         3
 Swiftness                Air            15%        N/A       13%         3
 Teleport Other           Tloc           15%        N/A       13%         3
 Freezing Cloud           Conj/Ice/Air   14%        6-21      30%         5
 Summon Mana Viper        Hex/Summ       27%        N/A       34%         5
 Yara's Violent Unravell  Hex/Tmut       13%        3d7       34%         5
 Airstrike                Air            7%         0-4+      38%         4
 Iskenderun's Mystic Bla  Conj/Tloc      15%        2d5       38%         4
 Passage of Golubria      Tloc           15%        N/A       38%         4
 Sticky Flame             Conj/Fire      15%        2d4       38%         4
 Haunt                    Necr/Summ      45%        N/A       56%         7
 Fireball                 Conj/Fire      7%         3d5       75%         5
 Irradiate                Conj/Tmut      7%         3d14      75%         5
 Iskenderun's Battlesphe  Conj           15%        2d7       75%         5
 Manifold Assault         Tloc           15%        N/A       75%         5
 Summon Forest            Summ/Tloc      7%         N/A       75%         5
 Conjure Ball Lightning   Conj/Air       7%         3x3d6     100%        6
 Dispersal                Tloc           7%         N/A       100%        6
 Eringya's Noxious Bog    Tmut/Pois      7%         N/A       100%        6
 Summon Cactus Giant      Summ           7%         N/A       100%        6
 Monstrous Menagerie      Summ           7%         N/A       100%        7
 Orb of Destruction       Conj           7%         9d6       100%        7
 Summon Hydra             Summ           7%         N/A       100%        7
 Sublimation of Blood     Necr           Unusable   N/A       N/A         2
 Spider Form              Tmut/Pois      Unusable   N/A       N/A         3
 Storm Form               Tmut/Air       Unusable   N/A       N/A         7
 Borgnjor's Revivificati  Necr           Unusable   N/A       N/A         8
 Death's Door             Necr           Unusable   N/A       N/A         9
 Necromutation            Tmut/Necr      Unusable   N/A       N/A         8

Dungeon Overview and Level Annotations

Branches:
Dungeon (15/15)            Temple (0/1) D:6            Lair (5/5) D:11
  Swamp (4/4) Lair:3        Snake (4/4) Lair:3        Slime (0/5) Lair:5
    Orc (2/2) D:12            Elf (0/3) Orc:2        Vaults (3/5) D:14
 Depths (0/4) D:15          IceCv (visited)
  Crypt: Vaults:2-3

Altars:
Ashenzari
Dithmenos
Fedhas
Gozag
Kikubaaqudgha
Qazlal
Ru
Sif Muna
Uskayaw
Vehumet
Wu Jian
Xom
Yredelemnul
Jiyva

Shops:
D:9 !   Orc:1 :=(   Orc:2 (!!=   Vaults:1 *   Vaults:3 :

Annotations:
Vaults:2 3 runed translucent doors, Lim Moa's ghost, adept DEVM
Vaults:3 Mennas


Innate Abilities, Weirdness & Mutations

You are immune to poison.
Your flesh is cold resistant. (rC+)
You are immune to negative energy. (rN+++)
You are immune to unholy pain and torment.
You are vulnerable to heat. (rF-)
You are strongly in touch with the powers of death.
You do not drink.


Message History

The vault warden misses you.
Unknown command.
Unknown command.
You slash the vault warden!
Lightning courses through the vault warden!
The vault warden is almost dead.
The zombie hands constrict the vault warden!
You kill the vault warden!
Kikubaaqudgha accepts your kill.
The runic seal fades away.
Mennas hits you from afar with a +5 trishula of holy wrath!
You convulse!
* * * LOW HITPOINT WARNING * * *
Mennas hits you but does no damage. The deep troll misses you.
The deep troll claws you but does no damage.
The deep troll closely misses you.
Unknown command.
Unknown command.
Unknown command.
Mennas is engulfed in freezing vapours.
Mennas hits you with a +5 trishula of holy wrath!
* * * LOW HITPOINT WARNING * * *
You convulse!
* * * LOW HITPOINT WARNING * * *
Mennas hits you with a +5 trishula of holy wrath!
* * * LOW HITPOINT WARNING * * *
You convulse!
* * * LOW HITPOINT WARNING * * *
Things that are here:
a +3 war axe of electrocution; a +0 plate armour; a +0 tower shield Unknown command.
Unknown command.
Mennas attacks as you move away!
Mennas hits you with a +5 trishula of holy wrath!
* * * LOW HITPOINT WARNING * * *
You convulse.
* * * LOW HITPOINT WARNING * * *
Mennas hits you with a +5 trishula of holy wrath!!
You die...
Kikubaaqudgha rasps: "You have failed me!
Welcome... oblivion!"

######## ##.......## .......#
##....####.## .......#
##...###.)##.## .
.......#########...###[##)##.# .#
.......'.......#...##.†.##B#.#..#
.......'.......#..##.....##..'..#
......B#.......+.)##..>..##.p##..
########.......#TA##.....##..# .
########.......#@#.##.Z.##...#
#......'.).....#.##°##'###...#
#......#.......##.##..## .^.##
#......#+####### #.#### ...##
'......#......# #.
#......#.....∩# ##
#......#......# #......#[...>.#
#......'...<..#


You could see Mennas (silencing) and a deep troll.

Vanquished Creatures
  An ancient lich (Vaults:1)
  A bone dragon (Swamp:4)
  A profane servitor (Abyss:4)
  Jorgrun (Orc:1)
  The ghost of Xufiri the Warrior, an adept FoFi of Makhleb (Swamp:3)
  2 quicksilver dragons (Snake:4)
  An Executioner (Abyss:3)
  A tentacled starspawn (Abyss:3)
  Donald (Swamp:1)
  4 nagarajas
  An orc warlord (Orc:2)
  2 vault wardens (Vaults:3)
  A broodmother (shapeshifter) (D:15)
  6 ironbound preservers
  A war gargoyle (Vaults:2)
  7 very ugly things
  3 ironbound thunderhulks
  25 slime creatures
  An eleionoma (Swamp:4)
  The ghost of sobakacece the Thaumaturge, a journeyman DjAE of Makhleb (Lair:1)
  A bunyip (Swamp:4)
  9 dire elephants
  A crystal guardian (Vaults:2)
  Fannar (Orc:1)
  2 yaktaur captains (Vaults:2)
  3 great orbs of eyes
  A vault guard (Vaults:3)
  4 boulder beetles
  The ghost of eyesofgods1 the Carver, a journeyman DsFi of Uskayaw (Lair:1)
  3 rakshasas
  3 hydras
  Erolcha (Orc:2)
  3 ironbound frosthearts
  2 ghost crabs (Swamp:4)
  Erica (D:11)
  12 naga warriors
  A catoblepas (Lair:5)
  A salamander tyrant (Snake:4)
  3 centaur warriors
  6 anacondas
  2 two-headed ogres
  6 alligators
  5 death yaks
  A deep troll shaman (Lair:5)
  A tengu warrior (D:14)
  A dancing weapon (Swamp:3)
  3 shock serpents (Snake:4)
  Sonja (D:12)
  7 naga sharpshooters
  5 spriggans
  A skeletal warrior (D:12)
  Lodul (D:14)
  3 goliath frogs
  2 swamp dragons
  12 deep trolls
  A spriggan druid (Swamp:4)
  A naga ritualist (Snake:2)
  2 phantasmal warriors
  6 ironbound convokers
  A deep elf zephyrmancer (D:12)
  A spectral hydra (Swamp:4)
  Pikel (D:4)
  2 wizards
  4 lindwurms
  2 deep elf pyromancers (D:12)
  6 bog bodies
  7 mana vipers
  4 harpies (Vaults:2)
  16 ugly things
  7 orc sorcerers (Orc:2)
  4 cyclopes
  11 salamanders
  A manticore (D:12)
  2 large abominations
  A will-o-the-wisp (Swamp:1)
  9 naga magi
  An elephant (Lair:5)
  5 guardian serpents
  22 black mambas
  5 vault sentinels
  A torpor snail (Lair:5)
  A smoke demon (Abyss:3)
  2 gargoyles
  2 freezing wraiths
  6 cane toads
  A swamp worm zombie (Swamp:4)
  4 yaktaurs
  Psyche (D:8)
  3 unseen horrors
  A kobold demonologist (D:12)
  2 ancient zymes (Abyss:3)
  4 komodo dragons
  2 bloated husks
  4 hydra zombies (Swamp:4)
  6 polar bears
  4 tyrant leeches
  3 trolls
  4 hornets
  Prince Ribbit (D:6)
  3 raiju (Abyss:3)
  3 blink frogs
  3 dream sheep (Lair:3)
  4 wyverns
  2 spriggans (shapeshifter)
  21 yaks
  4 wraiths
  A fire elemental (D:14)
  A basilisk (D:13)
  A basilisk (shapeshifter) (D:11)
  A steam dragon (D:8)
  3 vampire mosquitoes
  A warg (Orc:2)
  27 nagas
  11 swamp worms
  3 acid dragons
  8 water moccasins
  A hell hound (Abyss:3)
  2 sky beasts (D:7)
  11 orc warriors
  4 black bears
  13 ogres
  2 swamp dragon zombies (Swamp:4)
  2 ice beasts (D:7)
  A boggart (Vaults:1)
  13 wolves
  4 phantoms
  A kobold brigand (D:12)
  Blork the orc (D:4)
  6 bullfrogs
  6 scorpions
  2 gnoll sergeants
  2 necrophages (D:4)
  9 wights
  5 howler monkeys
  A jelly (Lair:5)
  2 gnoll boudas
  3 hounds
  2 iguanas
  13 orc priests
  Terence (D:3)
  Jessica (D:2)
  Ijyb (D:5)
  22 orc wizards
  Robin (D:1)
  13 gnolls
  A swamp drake zombie (Swamp:4)
  13 adders
  A shadow imp (D:6)
  2 white imps
  2 ufetubi
  3 worms
  5 dart slugs
  74 orcs
  10 endoplasms
  4 giant cockroaches
  8 goblins
  16 hobgoblins
  8 jackals
  15 kobolds
  6 quokkas
  13 ball pythons
  6 bats
  A frilled lizard (D:2)
  8 rats
  3 starspawn tentacles (Abyss:3)
787 creatures vanquished.

Vanquished Creatures (collateral kills)
  Mara (Swamp:4)
  Frances (D:14)
  A tentacled starspawn (Abyss:3)
  4 nagarajas
  A vault warden (Vaults:3)
  An ironbound thunderhulk (Vaults:2)
  7 ironbound preservers
  2 very ugly things (Vaults:1)
  2 dire elephants
  A bunyip (Swamp:4)
  2 great orbs of eyes
  6 hydras
  2 peacekeepers (Vaults:2)
  2 rakshasas
  2 ogre magi
  4 naga warriors
  A salamander tyrant (Snake:2)
  3 boulder beetles
  2 anacondas (Snake:2)
  2 centaur warriors (D:12)
  2 alligators
  7 death yaks
  A catoblepas (D:15)
  A shock serpent (Snake:4)
  A tengu warrior (D:12)
  5 naga sharpshooters
  A salamander mystic (Snake:4)
  A spriggan druid (Swamp:2)
  3 goliath frogs
  2 swamp dragons (Swamp:4)
  12 deep trolls
  3 bog bodies
  3 spectral hydras (Swamp:4)
  A phantasmal warrior (Swamp:4)
  A lindwurm (Vaults:2)
  2 naga ritualists (Snake:3)
  A harpy (Vaults:2)
  An orc knight (Orc:1)
  A mana viper (Snake:2)
  An orc sorcerer (Orc:1)
  A cyclops (D:15)
  6 ugly things
  A worldbinder (Abyss:3)
  4 salamanders (Snake:4)
  5 elephants (Lair:5)
  9 black mambas
  10 naga magi
  An ice statue (IceCv)
  3 guardian serpents
  6 cane toads
  2 rime drakes (Lair:5)
  A torpor snail (Lair:4)
  6 yaktaurs
  A swamp worm zombie (Swamp:4)
  2 komodo dragons
  A kobold demonologist (D:12)
  A hydra zombie (Swamp:4)
  4 tyrant leeches
  5 polar bears
  4 hornets
  A spectral swamp dragon (Swamp:4)
  2 alligator zombies (Swamp:4)
  4 blink frogs
  12 slime creatures
  2 dream sheep (Lair:3)
  5 spriggans
  3 wyverns
  A large abomination (Abyss:3)
  26 yaks
  2 fire elementals (D:14)
  A vampire mosquito (Swamp:4)
  A warg (Orc:1)
  3 swamp worms
  12 nagas
  A hell hound (D:14)
  7 water moccasins
  4 orc warriors (Orc:1)
  A swamp drake (Swamp:1)
  4 ogres
  2 orc zombies (Orc:2)
  2 boggarts (Vaults:1)
  10 wolves
  4 phantoms (Swamp:4)
  A centaur (D:12)
  A kobold brigand (D:12)
  2 bullfrogs (Lair:4)
  2 necrophages (Swamp:1)
  A small abomination (Abyss:3)
  3 howler monkeys
  A jelly (Lair:5)
  An orc priest (D:9)
  An iguana (D:6)
  A gnoll bouda (D:10)
  4 orc wizards (Orc:2)
  A spectral swamp drake (Swamp:4)
  5 gnolls
  A swamp drake zombie (Swamp:4)
  20 orcs
  2 endoplasms
  A hobgoblin (D:2)
  6 kobolds (D:12)
  A bush (Lair:4)
335 creatures vanquished.

Vanquished Creatures (others)
  Rupert (D:14)
  A demonspawn warmonger (Abyss:3)
  A fenstrider witch (Swamp:1)
  A deep elf sorcerer (Vaults:3)
  A frost giant (IceCv)
  2 vault wardens (Vaults:2)
  A ghoul (Lair:3)
  2 ironbound preservers (Vaults:2)
  4 very ugly things
  An ironbound thunderhulk (Vaults:2)
  Nessos (Lair:3)
  Azrael (D:14)
  4 dire elephants
  4 very ugly thing zombies (Vaults:1)
  A fire dragon (Abyss:3)
  4 yaktaur captains
  A boulder beetle (D:12)
  A salamander tyrant (Snake:4)
  A vault guard (Vaults:2)
  6 hydras
  An ironbound frostheart (Vaults:2)
  3 alligators
  5 two-headed ogres
  4 naga warriors
  2 centaur warriors
  A deep troll shaman (Abyss:3)
  An anaconda (Snake:3)
  8 death yaks
  2 naga sharpshooters
  4 shock serpents
  2 salamander mystics
  10 deep trolls
  2 bunyip zombies (Swamp:4)
  2 anaconda zombies
  A spriggan druid (Swamp:2)
  2 naga ritualists
  2 mana vipers
  A deep elf zephyrmancer (D:12)
  A deep elf pyromancer (D:12)
  An orc knight (D:12)
  8 ugly thing zombies
  6 salamanders
  A cyclops (D:11)
  A goliath frog zombie (Swamp:4)
  2 orc sorcerers (Orc:2)
  3 manticores (D:12)
  An eleionoma zombie (Swamp:4)
  10 ugly things
  9 human zombies
  A guardian serpent (Snake:4)
  2 black mambas
  2 elephants (Lair:5)
  2 shock serpent zombies (Snake:4)
  6 vault sentinels
  Joseph (D:8)
  A cane toad (shapeshifter) (D:15)
  2 naga magi
  3 yaktaur zombies
  A gargoyle (D:12)
  A rime drake (IceCv)
  3 cane toads (Lair:5)
  A komodo dragon (Lair:5)
  An unseen horror zombie (D:12)
  A freezing wraith (D:14)
  7 swamp worm zombies
  A yaktaur (D:14)
  3 death yak zombies (IceCv)
  A catoblepas zombie (Lair:5)
  An efreet (D:14)
  A kobold demonologist (D:15)
  An unseen horror (D:12)
  A hydra zombie (Swamp:4)
  A mana viper zombie (Snake:4)
  5 polar bears
  4 trolls
  A bloated husk (Swamp:1)
  An alligator zombie (Swamp:4)
  2 dream sheep (Lair:3)
  2 raiju (Abyss:3)
  A guardian serpent zombie (Snake:4)
  2 boulder beetle zombies
  2 blink frogs (Lair:4)
  9 black mamba zombies
  A wyvern (Lair:3)
  10 yaks
  8 slime creature zombies
  3 deep troll zombies
  A swamp worm (Swamp:4)
  21 naga zombies
  A tyrant leech zombie (Swamp:4)
  12 nagas
  An acid dragon (D:14)
  2 cane toad zombies (Lair:5)
  An ice beast (IceCv)
  A swamp drake (Swamp:1)
  3 orc warriors
  A swamp dragon zombie (Swamp:4)
  A hornet zombie (Swamp:1)
  A manticore zombie (D:12)
  4 blink frog zombies (Lair:4)
  5 ogres
  A centaur (D:12)
  10 wolves
  A phantom (Swamp:4)
  2 rime drake zombies
  7 salamander zombies
  2 kobold brigands
  A komodo dragon zombie (Lair:5)
  A bullfrog (D:9)
  A cyclops zombie (D:12)
  A wyvern zombie (Lair:3)
  A raiju zombie (Abyss:3)
  A troll zombie (D:12)
  A warg zombie (Orc:1)
  4 wights
  6 polar bear zombies
  6 yak zombies
  A spriggan zombie (Swamp:1)
  2 electric eels (Lair:4)
  6 wolf zombies
  3 centaur zombies
  3 orc priests
  3 boggart zombies (Vaults:1)
  5 orc wizards
  3 ogre zombies
  An ice beast zombie (IceCv)
  A howler monkey zombie (D:12)
  An adder (D:15)
  A gnoll (D:7)
  An adder zombie (D:15)
  17 orcs
  7 gnoll zombies
  A goblin (D:15)
  A goblin zombie (D:15)
  4 kobold zombies (D:12)
  39 orc zombies
  A bush (Lair:5)
  2 foxfires (Swamp:1)
  34 fungi
  65 plants
  4 starspawn tentacles (Abyss:3)
  4 withered plants (Lair:1)
542 creatures vanquished.

Grand Total: 1664 creatures vanquished

Notes
Turn   | Place    | Note
-------+----------+-------------------------------------------
     0 | D:1      | tilp the Mummy Necromancer began the quest for the Orb.
     0 | D:1      | Reached XP level 1. HP: 13/13 MP: 4/4
   129 | D:1      | Found a faded altar of an unknown god.
   370 | D:1      | Reached XP level 2. HP: 18/20 MP: 0/5
   529 | D:1      | Reached skill level 1 in Fighting
  1166 | D:2      | Gained mutation: You are in touch with the powers of death.
                  | [Mummy growth]
  1166 | D:2      | Reached XP level 3. HP: 26/26 MP: 4/7
  1170 | D:2      | Learned a level 3 spell: Vampiric Draining
  1462 | D:2      | Noticed Robin
  1479 | D:1      | Killed Robin
  1575 | D:2      | Reached XP level 4. HP: 33/33 MP: 3/8
  1739 | D:2      | Noticed Jessica
  1755 | D:2      | Killed Jessica
  1756 | D:2      | Reached skill level 5 in Necromancy
  2217 | D:3      | Reached XP level 5. HP: 38/38 MP: 4/9
  2373 | D:3      | Reached skill level 6 in Necromancy
  2492 | D:3      | Reached XP level 6. HP: 46/46 MP: 10/10
  2796 | D:3      | Noticed Terence
  2801 | D:3      | Killed Terence
  2996 | D:3      | Learned a level 4 spell: Animate Dead
  3693 | D:3      | Learned a level 4 spell: Anguish
  3829 | D:4      | Reached XP level 7. HP: 52/52 MP: 3/12
  3854 | D:4      | Reached skill level 1 in Hexes
  4309 | D:4      | Reached skill level 7 in Necromancy
  4356 | D:4      | Noticed Blork the orc
  4365 | D:4      | Killed Blork the orc
  4423 | D:4      | Found a shimmering blue altar of Sif Muna.
  4701 | D:4      | Reached XP level 8. HP: 55/61 MP: 14/14
  4798 | D:5      | Entered Level 5 of the Dungeon
  4905 | D:5      | Noticed Pikel
  4950 | D:4      | Killed Pikel
  4951 | D:4      | Reached skill level 5 in Fighting
  4951 | D:4      | Reached skill level 5 in Spellcasting
  5102 | D:5      | Reached skill level 8 in Necromancy
  5408 | D:5      | Found a shadowy altar of Dithmenos.
  6084 | D:5      | Noticed Ijyb
  6231 | D:5      | Reached XP level 9. HP: 68/68 MP: 6/16
  6686 | D:6      | Found a sacrificial altar of Ru.
  6689 | D:6      | Found a blossoming altar of Fedhas.
  6696 | D:6      | Found a basalt altar of Yredelemnul.
  6699 | D:6      | Found a shimmering altar of Xom.
  6701 | D:6      | Found a radiant altar of Vehumet.
  6706 | D:6      | Found a stormy altar of Qazlal.
  6742 | D:6      | Found a staircase to the Ecumenical Temple.
  6826 | D:6      | Noticed Prince Ribbit
  6831 | D:6      | Found a broken altar of Ashenzari.
  6842 | D:6      | Found an ancient bone altar of Kikubaaqudgha.
  6852 | D:6      | Killed Prince Ribbit
  7096 | D:6      | Became a worshipper of Kikubaaqudgha
  7877 | D:6      | Reached skill level 9 in Necromancy
  8653 | D:7      | Reached * piety under Kikubaaqudgha
  8653 | D:7      | Received a gift from Kikubaaqudgha
  9214 | D:8      | Found a hide-covered altar of Uskayaw.
  9267 | D:8      | Reached XP level 10. HP: 70/79 MP: 2/19
  9838 | D:8      | Noticed Joseph
  9856 | D:8      | Killed Joseph
 10313 | D:8      | Noticed Psyche
 10321 | D:8      | Killed Psyche
 11069 | D:9      | Reached ** piety under Kikubaaqudgha
 11070 | D:9      | Reached skill level 10 in Necromancy
 11463 | D:9      | Reached skill level 1 in Armour
 11773 | D:9      | Identified a scroll of acquirement
 11774 | D:9      | Acquired a staff of death
 11793 | D:9      | Noticed a two-headed ogre
 11803 | D:9      | Killed a two-headed ogre
 11804 | D:9      | Reached skill level 1 in Staves
 12121 | D:9      | Found Noism's Distillery.
 12400 | D:9      | Found an ornate altar of the Wu Jian Council.
 12570 | D:10     | Entered Level 10 of the Dungeon
 12570 | D:10     | Noticed a gargoyle
 12575 | D:10     | Killed a gargoyle
 12586 | D:10     | Reached XP level 11. HP: 64/87 MP: 1/22
 12592 | D:10     | Noticed a two-headed ogre
 12599 | D:10     | Killed a two-headed ogre
 13178 | D:10     | Noticed a two-headed ogre
 13184 | D:10     | Killed a two-headed ogre
 13672 | D:11     | Reached *** piety under Kikubaaqudgha
 13672 | D:11     | Received a gift from Kikubaaqudgha
 13768 | D:11     | Found a staircase to the Lair.
 13861 | D:11     | Reached skill level 5 in Dodging
 14034 | D:11     | Noticed a boulder beetle
 14050 | D:11     | Killed a boulder beetle
 14245 | D:11     | Noticed Erica
 14255 | D:11     | Killed Erica
 14412 | D:11     | Noticed a seven-headed hydra
 14420 | D:11     | Killed a seven-headed hydra
 14855 | D:11     | Learned a level 4 spell: Dispel Undead
 14862 | D:11     | Learned a level 6 spell: Death Channel
 14868 | D:11     | Learned a level 5 spell: Borgnjor's Vile Clutch
 14902 | Lair:1   | Entered Level 1 of the Lair of Beasts
 15047 | Lair:1   | Reached skill level 11 in Necromancy
 15730 | Lair:1   | Reached skill level 1 in Earth Magic
 16004 | Lair:1   | Found a runed translucent gate.
 16004 | Lair:1   | Found a runed translucent gate.
 16004 | Lair:1   | Found a runed translucent gate.
 16004 | Lair:1   | Noticed sobakacece's ghost (journeyman DjAE)
 16005 | Lair:1   | Noticed eyesofgods1's ghost (journeyman DsFi)
 16309 | Lair:2   | Identified the +5 morningstar of Uheup {drain, rF- Will+++
                  | rCorr Dex-5}
 17102 | Lair:3   | Noticed a four-headed hydra
 17109 | Lair:3   | Killed a four-headed hydra
 17124 | Lair:3   | Reached XP level 12. HP: 68/95 MP: 0/25
 17260 | Lair:3   | Found a staircase to the Snake Pit.
 17295 | Lair:3   | Noticed Nessos
 17301 | Lair:3   | Killed Nessos
 17319 | Lair:3   | Found a frozen archway.
 17486 | IceCv    | Entered an ice cave
 17882 | IceCv    | Noticed a death yak
 17899 | IceCv    | Reached skill level 5 in Staves
 17920 | IceCv    | Killed a death yak
 18408 | IceCv    | Reached skill level 10 in Fighting
 19019 | IceCv    | Noticed a death yak
 19155 | IceCv    | Noticed a death yak
 19156 | IceCv    | Noticed a death yak
 19168 | IceCv    | Killed a death yak
 19169 | IceCv    | Reached skill level 12 in Necromancy
 19654 | IceCv    | Killed a death yak
 19662 | IceCv    | Killed a death yak
 19949 | IceCv    | Noticed a death yak
 19949 | IceCv    | Noticed a death yak
 20253 | IceCv    | Killed a death yak
 20267 | IceCv    | Killed a death yak
 20536 | IceCv    | Reached skill level 1 in Shields
 20549 | IceCv    | Noticed a death yak
 20549 | IceCv    | Noticed a death yak
 20549 | IceCv    | Noticed a frost giant
 20549 | IceCv    | Noticed a death yak
 20597 | IceCv    | Killed a death yak
 20598 | IceCv    | Gained mutation: You are strongly in touch with the powers
                  | of death. [Mummy growth]
 20598 | IceCv    | Reached XP level 13. HP: 28/103 MP: 3/26
 21093 | IceCv    | Killed a frost giant
 22840 | Lair:3   | Reached **** piety under Kikubaaqudgha
 23008 | Lair:3   | Found a staircase to the Swamp.
 24403 | Lair:4   | Reached skill level 5 in Evocations
 24850 | Lair:5   | Entered Level 5 of the Lair of Beasts
 24869 | Lair:5   | Reached skill level 10 in Spellcasting
 24871 | Lair:5   | Reached skill level 13 in Necromancy
 25362 | Lair:5   | Found a runed translucent door.
 25362 | Lair:5   | Found a viscous altar of Jiyva.
 25362 | Lair:5   | Found a staircase to the Slime Pits.
 25389 | Lair:5   | Reached XP level 14. HP: 93/113 MP: 10/28
 25621 | Lair:5   | Reached ***** piety under Kikubaaqudgha
 27262 | Lair:5   | Learned a level 6 spell: Simulacrum
 27612 | D:5      | Killed Ijyb
 27930 | D:12     | Found a staircase to the Orcish Mines.
 28170 | D:12     | Reached skill level 1 in Ice Magic
 28200 | D:12     | Reached skill level 14 in Necromancy
 29100 | D:12     | Noticed Sonja
 29659 | D:12     | Reached XP level 15. HP: 111/120 MP: 14/30
 30199 | D:12     | Identified the +3 leather armour of the Sacrificial Victim
                  | {Harm}
 30301 | D:12     | Killed Sonja
 30950 | Orc:1    | Entered Level 1 of the Orcish Mines
 30956 | Orc:1    | Found Jivoajuxzes's Weapon Shoppe.
 30992 | Orc:1    | Noticed Jorgrun
 31001 | Orc:1    | Killed Jorgrun
 31002 | Orc:1    | Reached skill level 15 in Necromancy
 31003 | Orc:1    | Noticed Fannar
 31005 | Orc:1    | Reached skill level 10 in Staves
 31029 | Orc:1    | Killed Fannar
 31030 | Orc:1    | Reached skill level 5 in Ice Magic
 31280 | Orc:1    | Found Togotint's Book Boutique.
 31286 | Orc:1    | Found Ferewav's Jewellery Boutique.
 31505 | Orc:2    | Entered Level 2 of the Orcish Mines
 31871 | Orc:2    | Found a staircase to the Elven Halls.
 32001 | Orc:2    | Noticed an orc warlord
 32010 | Orc:2    | Killed an orc warlord
 32010 | Orc:2    | Reached ****** piety under Kikubaaqudgha
 32202 | Orc:2    | Found Ucho's Jewellery Shoppe.
 32321 | Orc:2    | Received a gift from Kikubaaqudgha
 32324 | Orc:2    | Found Anuasch's Distillery.
 32337 | Orc:2    | Found a radiant altar of Vehumet.
 32340 | Orc:2    | Noticed Erolcha
 32351 | Orc:2    | Killed Erolcha
 32453 | Orc:2    | Found an ancient bone altar of Kikubaaqudgha.
 32574 | Orc:2    | Found Baint's Antique Weapon Shoppe.
 32579 | Orc:2    | Found Foacw's Distillery.
 32764 | Orc:2    | Bought the ring of Minkas {rF+ rCorr Dex+4} for 598 gold
                  | pieces
 32764 | Orc:2    | Bought the ring of the Tortoise {AC+8} for 1664 gold pieces
 32764 | Orc:2    | Found the ring of the Tortoise {AC+8}
 33822 | D:14     | Noticed Rupert
 33828 | D:14     | Paralysed by Rupert for 2 turns
 33831 | D:14     | Killed Rupert
 34011 | D:14     | Found a gate to the Vaults.
 34133 | D:14     | Noticed Azrael
 34141 | D:14     | Killed Azrael
 34145 | D:14     | Noticed Frances
 34158 | D:14     | Killed Frances
 34263 | D:14     | Your ally Rupert died
 34568 | D:14     | Noticed Lodul
 34590 | D:14     | Reached XP level 16. HP: 46/129 MP: 0/31
 34592 | D:14     | Killed Lodul
 34937 | D:15     | Entered Level 15 of the Dungeon
 35359 | D:15     | Found an opulent altar of Gozag.
 35966 | D:15     | Reached skill level 5 in Earth Magic
 35969 | D:15     | Reached skill level 5 in Hexes
 36185 | D:15     | Found a staircase to the Depths.
 37056 | Lair:1   | Killed eyesofgods1's ghost
 37060 | Lair:1   | Killed sobakacece's ghost
 37241 | Snake:1  | Entered Level 1 of the Snake Pit
 37266 | Snake:1  | Reached skill level 5 in Armour
 38054 | Snake:1  | Found a shadowy altar of Dithmenos.
 38544 | Snake:2  | Identified the +1 plate armour of Negation {-Tele rN++
                  | Str+2}
 38581 | Snake:2  | Reached skill level 16 in Necromancy
 40245 | Snake:3  | Reached XP level 17. HP: 137/137 MP: 21/33
 41722 | Swamp:1  | Entered Level 1 of the Swamp
 41734 | Abyss:3  | Cast into level 3 of the Abyss (spriggan rider)
 42098 | Abyss:4  | Found a corrupted altar of Lugonu.
 42115 | Abyss:4  | Noticed a profane servitor
 42126 | Abyss:4  | Killed a profane servitor
 42129 | Swamp:1  | Escaped the Abyss
 43188 | Swamp:1  | Noticed Donald
 43196 | Swamp:1  | Killed Donald
 43320 | Swamp:1  | Learned a level 8 spell: Infestation
 44470 | Swamp:2  | Reached skill level 17 in Necromancy
 45609 | Swamp:3  | Found a runed translucent door.
 45610 | Swamp:3  | Found a shimmering altar of Xom.
 45610 | Swamp:3  | Noticed Xufiri's ghost (adept FoFi)
 45809 | Swamp:4  | Entered Level 4 of the Swamp
 45826 | Swamp:4  | Noticed Mara
 46116 | Swamp:4  | Reached XP level 18. HP: 148/148 MP: 4/35
 46136 | Swamp:4  | Killed Mara
 46166 | Swamp:4  | Noticed a bone dragon
 46176 | Swamp:4  | Killed a bone dragon
 46177 | Swamp:4  | Reached skill level 15 in Fighting
 46484 | Swamp:4  | Reached skill level 18 in Necromancy
 47092 | Swamp:4  | Identified the amulet of Eternal Night {rPois Will+ Regen+
                  | Str+4}
 47253 | Swamp:4  | Got a decaying rune of Zot
 47577 | Snake:4  | Entered Level 4 of the Snake Pit
 49063 | Snake:4  | Got a serpentine rune of Zot
 49514 | Swamp:3  | Killed Xufiri's ghost
 49782 | Orc:2    | Bought a slimy dagger for 203 gold pieces
 49782 | Orc:2    | Identified the +5 dagger of Capital Punishment {flame, rC-
                  | Dex+7} (You bought it in a shop on level 2 of the Orcish
                  | Mines)
 49956 | Vaults:1 | Entered Level 1 of the Vaults
 50369 | Vaults:1 | Found Pasumoip's Assorted Antiques.
 50431 | Vaults:1 | Bought a scroll labelled CUFFAL HUFELU for 33 gold pieces
 50599 | Vaults:1 | Reached XP level 19. HP: 155/155 MP: 0/36
 51019 | Vaults:1 | Upgraded the game from 0.29-a0-962-gc8bbfd0a37 to
                  | 0.29-a0-973-gac7da5f7f0
 51027 | Vaults:1 | Reached skill level 5 in Stealth
 51088 | Vaults:1 | Noticed an ancient lich
 51288 | Vaults:1 | Killed an ancient lich
 52323 | Vaults:1 | Identified the +8 quarterstaff "Ticahar" {venom, rF+}
 53706 | Vaults:2 | Identified the ring of Efue {Int+6 Slay+3}
 54188 | Vaults:2 | Found a runed translucent gate.
 54188 | Vaults:2 | Found a runed translucent gate.
 54188 | Vaults:2 | Found a runed translucent gate.
 54191 | Vaults:2 | Noticed Lim Moa's ghost (adept DEVM)
 54572 | Vaults:2 | Reached skill level 19 in Necromancy
 55078 | Vaults:3 | Found Odiosch's Book Emporium.
 55481 | Vaults:3 | Found a gateway to a bazaar.
 55543 | Bazaar   | Entered a bazaar
 55557 | Bazaar   | Found Zesiblid's Magic Scroll Emporium.
 55557 | Bazaar   | Found Cixtuom's Antique Weapon Shoppe.
 55579 | Bazaar   | Found Puijale's Book Emporium.
 55595 | Bazaar   | Found Awnaiho's Antique Armour Emporium.
 55595 | Bazaar   | Found Xacuwedgh's Magic Scroll Shoppe.
 55617 | Bazaar   | Found Cocojoqe's General Store.
 55670 | Bazaar   | Bought a scroll of enchant armour for 82 gold pieces
 55670 | Bazaar   | Bought a scroll of enchant weapon for 82 gold pieces
 55670 | Bazaar   | Bought a scroll of magic mapping for 82 gold pieces
 55670 | Bazaar   | Bought a scroll of teleportation for 33 gold pieces
 55670 | Bazaar   | Bought a scroll of teleportation for 33 gold pieces
 55698 | Bazaar   | Bought a pitted lajatang for 520 gold pieces
 55698 | Bazaar   | Identified the +6 lajatang of Liaghorr {vorpal, rElec rPois
                  | rF+} (You bought it in a shop in a bazaar)
 55704 | Bazaar   | Bought a scroll of acquirement for 728 gold pieces
 55704 | Bazaar   | Bought a scroll of acquirement for 728 gold pieces
 55704 | Bazaar   | Bought a scroll of blinking for 105 gold pieces
 55704 | Bazaar   | Bought a scroll of teleportation for 42 gold pieces
 55704 | Bazaar   | Bought a scroll of vulnerability for 56 gold pieces
 55704 | Bazaar   | Bought a scroll of teleportation for 42 gold pieces
 55730 | Bazaar   | Bought a scroll of amnesia for 44 gold pieces
 55744 | Bazaar   | Bought a scroll of teleportation for 45 gold pieces
 55746 | Bazaar   | Acquired 942 gold pieces
 55748 | Bazaar   | Acquired 1254 gold pieces
 55763 | Bazaar   | Bought 2 scrolls of torment for 209 gold pieces
 55763 | Bazaar   | Bought a scroll of vulnerability for 44 gold pieces
 55777 | Bazaar   | Bought an Inescapable Atlas for 510 gold pieces
 55869 | Vaults:3 | Identified the +2 dagger "Terud" {pain, Fly rPois rC-}
 55893 | Vaults:3 | Reached XP level 20. HP: 163/166 MP: 38/38
 55957 | Vaults:3 | Reached skill level 1 in Throwing
 56173 | Vaults:3 | Reached skill level 10 in Ice Magic
 56188 | Vaults:3 | Noticed Mennas
 56194 | Vaults:3 | HP: 8/166 [Mennas/+5 trishula of holy wrath (7)]
 56194 | Vaults:3 | Demolished by Mennas

Illustrated notes

Levels and vault maps discovered:
D:1:      scummos_arrival_checkerplants, layout_basic,
          hellmonk_ecumenical_altar_run_dry, minmay_distorted
D:2:      layout_rooms, uniq_jessica, uniq_robin
D:3:      layout_basic, uniq_terence
D:4:      minmay_razor_zed, layout_rooms, tgw_sif, minmay_bent
D:5:      layout_layer_cave, mainiacjoe_overflow_chevrons,
          chequers_serial_rivers_marsh, saegor_snake_ambush, uniq_pikel,
          uniq_ijyb
D:6:      layout_basic, nicolae_overflow_hallway_of_the_gods,
          mainiacjoe_overflow_catwalk_spiral, temple_pool_b, uniq_prince_ribbit1
D:7:      layout_basic
D:8:      layout_basic, mainiacjoe_overflow_catwalk, special_room
          [special_room_orc], uniq_psyche, uniq_joseph
D:9:      layout_irregular_city, nzn_wu_jian_council_hall, serial_shops,
          kennysheep_little_box
D:10:     layout_cave_pools
D:11:     layout_roguey, lair_entry_dummy, uniq_erica
D:12:     minmay_the_grid_square_5x5_5x5 [minmay_the_grid_square_5x5_empty,
          minmay_the_grid_square_5x5_meh, minmay_the_grid_square_5x5_six_small,
          minmay_the_grid_square_5x5_inverted_slash,
          minmay_the_grid_square_5x5_checkered_statues,
          minmay_the_grid_square_5x5_z, minmay_the_grid_square_5x5_prize_itemx,
          minmay_the_grid_square_5x5_three_small,
          minmay_the_grid_square_5x5_prize_waves,
          minmay_the_grid_square_5x5_two_walls_b,
          minmay_the_grid_square_5x5_detours, minmay_the_grid_square_5x5_plus,
          minmay_the_grid_square_5x5_prize_gold,
          minmay_the_grid_square_5x5_fat_x,
          minmay_the_grid_square_5x5_three_walls,
          minmay_the_grid_square_5x5_inner_z,
          minmay_the_grid_square_5x5_prize_open,
          minmay_the_grid_square_5x5_three,
          minmay_the_grid_square_5x5_prize_deathbox,
          minmay_the_grid_square_5x5_percent, minmay_the_grid_square_5x5_empty,
          minmay_the_grid_square_5x5_gyroscope,
          minmay_the_grid_square_5x5_lines,
          minmay_the_grid_square_5x5_half_checkered,
          minmay_the_grid_square_5x5_empty], layout_rooms, orc_david_3,
          reono_crystal_passage, billiards_dpeg, uniq_sonja
D:13:     layout_stronghold
D:14:     layout_cross, david_vaults_2, minmay_misc_feat_doors,
          kennysheep_four_rooms, uniq_rupert, uniq_lodul, uniq_frances,
          uniq_azrael
D:15:     gammafunk_enter_depths_forms, layout_stronghold, grunt_gozag_statues
Lair:1:   layout_cave_pods, gammafunk_ghost_cemetery, grunt_megastairs_5,
          serial_bayou_shore_b
Lair:2:   layout_misc_corridors, serial_bayou_pond_c
Lair:3:   layout_cave_pods, swamp_mist_pool, minmay_snake_entry_six_corridors,
          portal_ice_cave_entry_pillars_1, grunt_megastairs_3,
          lemuel_fruit_tree, uniq_nessos
Lair:4:   layout_loops_ring, grunt_forest_small_clearings,
          grunt_forest_large_clearing_hut, serial_bayou_shore_a,
          serial_bayou_shore_b, serial_bayou_shore_b, infiniplex_staircase_pool
Lair:5:   grunt_lair_end_beastmaster, layout_cave_pods, slime_entry_2
Swamp:1:  layout_basic_swamp, serial_swamp_ruin, evilmike_swamp_ruin_rubble_1,
          evilmike_swamp_ruin_house_3, uniq_donald
Swamp:2:  layout_basic_swamp, nicolae_swamp_feature_on_the_river_bank,
          swamp_pool2
Swamp:3:  layout_falls_marsh, ebering_ghost_xom, infiniplex_staircase_pool_2,
          swamp_pool5
Swamp:4:  swamp_pestilence, layout_basic_swamp, swamp_pool1,
          nicolae_swamp_big_swirl, uniq_mara
Snake:1:  layout_grid_shapes, basic_altar
Snake:2:  layout_honeycomb, corexii_hall_statues_t
Snake:3:  layout_rooms, guppyfry_library_mini, grunt_megastairs_2
Snake:4:  hellmonk_snake_rune_quicksilver_temple, layout_onion_interference,
          nicolae_snake_serpentine_hallways, nicolae_snake_salamander_jacuzzi,
          serial_bayou_shore_b
Orc:1:    layout_caves, serial_shops, shop, nicolae_square_shop,
          nicolae_square_shop, uniq_jorgrun, uniq_fannar
Orc:2:    kennysheep_orc_mage_school, layout_diamond_mine, basic_altar,
          minmay_orc_barracks
Vaults:1: vaults_room_octagon, hangedman_vaults_pinch, ontoclasm_vaults_idyll,
          vaults_dpeg_spiral, nicolae_vaults_asterisk, v_alt_pattern_5,
          nicolae_vaults_ring_of_whatevers, v_misc_11,
          vaults_room_hangedman_quadrants, v_misc_26, v_pattern_1,
          ontoclasm_vaults_decontamination, layout_vaults_omnicross,
          serial_shops, shop
Vaults:2: gammafunk_ghost_tricky_traps, v_misc_8,
          nicolae_vaults_twisting_passages, v_rooms_3,
          nicolae_vaults_network_quinsquares
          [nicolae_vaults_network_quincunx_subvault,
          nicolae_vaults_network_quincunx_subvault,
          nicolae_vaults_network_quincunx_subvault,
          nicolae_vaults_network_quincunx_subvault], hangedman_vaults_slice,
          ontoclasm_vaults_chip, ontoclasm_vaults_chip,
          nicolae_vaults_specimen_jars, layout_vaults_omnigrid
Vaults:3: grunt_vaults_swirl, v_misc_14, v_misc_1, nicolae_vaults_alarming,
          vaults_room_ringed_pool, nicolae_vaults_lopsided_apartments,
          dpeg_vaults_monster_box, ontoclasm_vaults_spin,
          nicolae_vaults_border_crossing, v_misc_23, ontoclasm_vaults_shuriken,
          ontoclasm_vaults_hangar, vaults_dpeg_ring,
          minmay_crypt_entry_nasty_monster, layout_vaults_maze_bifur,
          serial_shops, bzr_in_the_mist, shop, shop, uniq_mennas

Skill      XL: |  1  2  3  4  5  6  7  8  9 10 11 12 13 14 15 16 17 18 19 20 |
---------------+-------------------------------------------------------------+-----
Fighting       | 1 2 3 4 5 7 8 9 10 11 12 13 14 15 16 | 16.4
Spellcasting   | 3 4 5 6 7 9 10 11 12 13 14 | 14.3
Dodging        | 2 3 4 5 6 7 8 9 |  9.1
Stealth        | 2 3 4 5 6 |  6.0
Necromancy     | 5 6 7 8 9 10 11 12 13 14 15 16 17 18 19 | 19.1
Hexes          | 1 4 5 6 |  6.0
Evocations     | 2 3 4 5 6 7 8 9 |  9.1
Armour         | 2 3 4 5 6 7 |  7.4
Staves         | 2 4 6 7 9 10 11 | 11.5
Earth Magic    | 1 4 5 6 |  6.0
Shields        | 1 3 4 |  4.0
Ice Magic      | 3 6 8 9 10 | 10.0
Throwing       | 1 |  1.3

Action                   |  1- 3 |  4- 6 |  7- 9 | 10-12 | 13-15 | 16-18 | 19-21 || total
-------------------------+-------+-------+-------+-------+-------+-------+-------++-------
Melee: Short sword       |    14 |       |       |       |       |       |       ||    14
       Dagger            |       |    87 |   298 |   413 |   425 |       |       ||  1223
       Punch             |       |     1 |     8 |    12 |    10 |       |       ||    31
       Lajatang          |       |       |       |       |   279 |   709 |   304 ||  1292
Throw: Dart              |       |       |     8 |       |       |       |       ||     8
 Cast: Necrotise         |    72 |    39 |    73 |    32 |     9 |       |       ||   225
       Vampiric Draining |     1 |    13 |    53 |    99 |   108 |    12 |     3 ||   289
       Anguish           |       |       |    18 |   101 |   188 |   157 |    60 ||   524
       Animate Dead      |       |       |     2 |    14 |    17 |    31 |     7 ||    71
       Death Channel     |       |       |       |     1 |    35 |    52 |    21 ||   109
       Borgnjor's Vile C |       |       |       |     1 |    21 |   152 |    44 ||   218
       Dispel Undead     |       |       |       |       |     5 |    11 |       ||    16
       Simulacrum        |       |       |       |       |       |       |     7 ||     7
       Infestation       |       |       |       |       |       |       |     2 ||     2
Invok: Unearth Wretches  |       |       |       |     2 |     3 |     4 |     3 ||    12
       Receive Forbidden |       |       |       |       |     1 |       |       ||     1
Evoke: Wand              |       |       |       |     9 |     3 |       |       ||    12
       Phial of floods   |       |       |       |       |     2 |       |       ||     2
       Phantom mirror    |       |       |       |       |     2 |       |       ||     2
       Condenser vane    |       |       |       |       |     1 |     2 |     1 ||     4
  Use: Scroll            |     2 |     3 |     4 |    15 |    11 |    11 |     6 ||    52
 Stab: Sleeping          |       |     3 |     7 |     1 |     2 |     8 |     4 ||    25
       Distracted        |       |     1 |       |       |    10 |    14 |     3 ||    28
       Paralysed         |       |       |       |     1 |     1 |       |     3 ||     5
Armor: Robe              |    15 |    46 |   129 |   302 |    78 |       |       ||   570
       Animal skin       |       |       |       |       |   412 |   462 |   170 ||  1044
Dodge: Dodged            |    24 |    68 |   225 |   456 |   591 |   687 |   261 ||  2312

Table legend: (Time is in decaauts)
 A = Elapsed time spent in this place.
 B = Non-inter-level travel time spent in this place.
 C = Inter-level travel time spent in this place.
 D = Time resting spent in this place.
 E = Time spent auto-exploring this place.
 F = Levels seen in this place.
 G = Mean time per level.
                   A        B        C        D        E       F      G
               +--------+--------+--------+--------+--------+-----+--------+
         Total |  56471 |  52964 |   3507 |   8184 |  35581 |  37 | 1526.2 |
       Dungeon |  22829 |  21377 |   1452 |   2822 |  14970 |  15 | 1521.9 |
          Lair |   9340 |   8623 |    717 |    994 |   6335 |   5 | 1868.0 |
         Swamp |   5073 |   4737 |    336 |    503 |   3474 |   4 | 1268.2 |
     Snake Pit |   6336 |   5983 |    353 |    752 |   4163 |   4 | 1584.0 |
  Orcish Mines |   2136 |   1757 |    379 |      0 |   1361 |   2 | 1068.0 |
        Vaults |   5773 |   5506 |    267 |    557 |   4048 |   3 | 1924.3 |
         Abyss |    387 |    387 |      0 |    115 |      0 |   2 |  193.5 |
        Bazaar |    274 |    274 |      0 |      0 |     94 |   1 |  274.0 |
      Ice Cave |   4319 |   4319 |      0 |   2441 |   1135 |   1 | 4319.0 |
               +--------+--------+--------+--------+--------+-----+--------+

Top non-repeatable levels by time:
   IceCv: 4319 daAuts
  Lair:3: 2649 daAuts
    D:11: 2567 daAuts
Vaults:1: 2551 daAuts
  Lair:5: 2499 daAuts
Vaults:2: 2394 daAuts
    D:15: 1973 daAuts
    D:12: 1929 daAuts
 Snake:3: 1866 daAuts
     D:9: 1797 daAuts
 Snake:2: 1791 daAuts
     D:8: 1781 daAuts
     D:5: 1718 daAuts
     D:7: 1669 daAuts
  Lair:1: 1630 daAuts
